 Dungeon Crawl Stone Soup version 0.32-a0-314-g526f7d4993 (webtiles) character file.

Game seed: 4716619804138726880

146578 juan097 the Tortoise (level 16, -1/204 HPs)
             Began as an Armataur Fighter on Feb 15, 2024.
             Was the Champion of Zin.
             Slain by a demonic crawler (12 damage)
             ... on level 1 of the Spider Nest.
             The game lasted 02:32:14 (38382 turns).

juan097 the Tortoise (Armataur Fighter)            Turns: 38382, Time: 02:32:15

Health: -1/204     AC: 20    Str: 27    XL:     16   Next: 90%
Magic:  0/25       EV:  9    Int: 10    God:    Zin [******]
Gold:   280        SH:  0    Dex: 13    Spells: 15/15 levels left

rFire   + + .        a - +7 morningstar "Meucion" {flame, rF+ rC- Dex+2}
rCold   . . .        c - +1 kite shield {rC+}
rNeg    + + +        X - +2 chain mail of Somewhere Else {rN++}
rPois   +            C - +2 hat {Will+}
rElec   .            T - scarf of Makhleb {shadows, rF+}
rCorr   +            l - +2 pair of gloves
SInv    .            (no barding)
Will    ++...        u - amulet of guardian spirit Stlth
                     j - +5 ring of evasion
HPRegen 1.19/turn    e - ring of Qaxtiof {^Drain rPois rN+ rCorr, =R}
MPRegen 0.52/turn

%: guardian spirit, roll
@: berserking, held, very quick
A: large, deformed body, tough skin 3, armoured tail, roll 2
a: Renounce Religion, Recite, Vitalisation, Imprison, Sanctuary, Donate Gold


You were on level 1 of the Spider Nest.
You worshipped Zin.
Zin was exalted by your worship.
You visited 5 branches of the dungeon, and saw 24 of its levels.
You also visited: Sewer and Bailey.

You collected 2173 gold pieces.
You spent 1681 gold pieces at shops.
You donated 212 gold pieces to Zin.

Inventory:

Hand Weapons
 a - the +7 morningstar "Meucion" (weapon) {flame, rF+ rC- Dex+2}
   (You took it off a centaur warrior on level 13 of the Dungeon)

   Dex+2:     It affects your dexterity (+2).
   rF+:       It protects you from fire.
   rC-:       It makes you vulnerable to cold.
 b - a +0 flail of venom
 Q - a +0 morningstar of protection
Missiles
 h - 58 poisoned darts (quivered)
 n - 3 silver javelins
 o - a throwing net
 F - 7 boomerangs
 H - 11 curare-tipped darts
 R - 10 javelins
Armour
 c - a +1 kite shield of cold resistance (worn)
 l - a +2 pair of gloves (worn)
 C - a +2 hat of willpower (worn)
 T - the scarf of Makhleb (worn) {shadows, rF+}
   (You found it on level 9 of the Dungeon)

   rF+:       It protects you from fire.
 X - the +2 chain mail of Somewhere Else (worn) {rN++}
   (You bought it in a shop on level 2 of the Dungeon)

   rN++:      It greatly protects you from negative energy.
Jewellery
 e - the ring of Qaxtiof (right hand) {^Drain rPois rN+ rCorr, =R}
   (You bought it in a shop on level 2 of the Orcish Mines)

   [ring of poison resistance]

   rPois:     It protects you from poison rN+: It protects you from negative
   energy.
   rCorr:     It protects you from acid and corrosion.
   ^Drain:    It drains your maximum health when unequipped.
 j - a +5 ring of evasion (left hand)
 u - an amulet of guardian spirit (around neck)
 y - a ring of see invisible
 G - a ring of willpower
 L - a ring of ice
Wands
 f - a wand of flame (18)
 q - a wand of quicksilver (24)
 M - a wand of roots (5)
 P - a wand of digging (8)
 W - a wand of mindburst (8)
Scrolls
 d - 5 scrolls of fog
 i - 3 scrolls of vulnerability
 k - 4 scrolls of fear
 t - 2 scrolls of teleportation
 v - 2 scrolls of enchant armour
 I - 3 scrolls of blinking
 J - 6 scrolls of enchant weapon
 N - a scroll of immolation
 O - 2 scrolls of silence
 V - 2 scrolls of revelation
 Y - a scroll of butterflies
 Z - 6 scrolls of poison
Potions
 m - 8 potions of haste
 r - 2 potions of enlightenment
 s - 2 potions of attraction
 x - 4 potions of cancellation
 z - 3 potions of might
 A - 3 potions of magic
 B - 2 potions of heal wounds
 D - 8 potions of curing
 E - 4 potions of ambrosia
 K - 7 potions of mutation
 S - a potion of invisibility
 U - a potion of berserk rage
Miscellaneous
 p - a phial of floods
 w - a phantom mirror (inert)


   Skills:
 + Level 10.9 Fighting
 + Level 14.6 Maces & Flails
 + Level 9.1 Throwing
 + Level 15.0 Armour
 - Level 4.0 Dodging
 - Level 8.0 Stealth
 - Level 6.0 Shields
 + Level 12.8 Invocations
 + Level 6.2 Evocations


You had 15 spell levels left.
You didn't know any spells.
Your spell library contained the following spells:

 Spells                   Type           Power      Damage    Failure   Level
 Apportation              Tloc           0%         N/A       91%         1
 Necrotise                Necr           0%         1d4       91%         1
 Sting                    Conj/Alch      0%         1d3       91%         1
 Summon Small Mammal      Summ           0%         N/A       91%         1
 Call Imp                 Summ           0%         N/A       97%         2
 Cigotuvi's Dreadful Rot  Necr/Alch/Air  0%         N/A       97%         2
 Sublimation of Blood     Necr           0%         N/A       97%         2
 Call Canine Familiar     Summ           0%         N/A       100%        3
 Dazzling Flash           Conj/Hex       0%         N/A       100%        3
 Mephitic Cloud           Conj/Alch/Air  0%         N/A       100%        3
 Sigil of Binding         Hex            0%         N/A       100%        3
 Volatile Blastmotes      Fire/Tloc      0%         2d10      100%        3
 Dimensional Bullseye     Hex/Tloc       0%         N/A       100%        4
 Ignite Poison            Fire/Alch      0%         N/A       100%        4
 Leda's Liquefaction      Alch/Erth      0%         N/A       100%        4
 Petrify                  Alch/Erth      0%         N/A       100%        4
 Curse of Agony           Necr           0%         N/A       100%        5
 Freezing Cloud           Conj/Ice/Air   0%         6-21      100%        5
 Irradiate                Conj/Alch      0%         3d11      100%        5
 Lee's Rapid Deconstruct  Erth           0%         3d4*      100%        5
 Silence                  Hex/Air        0%         N/A       100%        5
 Bombard                  Conj/Erth      0%         9d1       100%        6
 Starburst                Conj/Fire      0%         6d3       100%        6
 Summon Hydra             Summ           0%         N/A       100%        7
 Maxwell's Capacitive Co  Air            0%         ∞         100%        8


Dungeon Overview and Level Annotations

Branches:
Dungeon (15/15)            Temple (1/1) D:4            Lair (5/5) D:10
 Shoals (0/4) Lair:3       Spider (1/4) Lair:2        Slime (0/5) Lair:5
    Orc (2/2) D:10            Elf (0/3) Orc:2        Vaults (0/5) D:13
 Depths (0/4) D:15          Sewer (visited)          Bailey (visited)

Altars:
Ashenzari
Cheibriados
Dithmenos
Elyvilon
Fedhas
Gozag
Hepliaklqana
Kikubaaqudgha
Makhleb
Nemelex Xobeh
Okawaru
Qazlal
Ru
Sif Muna
Trog
Uskayaw
Vehumet
Wu Jian
Xom
Yredelemnul
Zin
The Shining One
Beogh
Jiyva

Shops:
D:2 *[!   Orc:1 (   Orc:2 =?:*

Annotations:
Lair:5 2 runed translucent doors, holysushi's ghost, journeyman DsMo


Innate Abilities, Weirdness & Mutations

Armour fits poorly on your strangely shaped body.
You have extremely tough skin. (AC +3)
You have a long armoured tail.
You regenerate magic and health when rolling toward enemies. (Rampage Regen)


Message History

You impale the demonic crawler!! You burn the demonic crawler.
The demonic crawler is heavily wounded.
The moth of wrath goads the jumping spider on!
The jumping spider goes berserk!
The demonic crawler barely misses you.
The demonic crawler hits you but does no damage.
The demonic crawler hits you.
* * * LOW HITPOINT WARNING * * *
You block the jumping spider's attack. x2
You puncture the demonic crawler! You burn the demonic crawler!
The demonic crawler is almost dead.
You block the jumping spider's attack. The jumping spider bites you!
* * * LOW HITPOINT WARNING * * *
You puncture the jumping spider! You burn the jumping spider.
The jumping spider is moderately wounded.
You block the jumping spider's attack. The jumping spider closely misses you.
The demonic crawler hits you but does no damage.
You block the demonic crawler's attack. The demonic crawler closely misses you.
The moth of wrath goads the demonic crawler on!
The demonic crawler goes berserk!
You closely miss the jumping spider.
Your tail-slap misses the jumping spider.
The jumping spider is moderately wounded.
You block the jumping spider's attack. The jumping spider barely misses you.
You block the demonic crawler's attack. x2
The demonic crawler hits you but does no damage.
The moth of wrath bites you but does no damage.
You barely miss the jumping spider.
The jumping spider is moderately wounded.
The jumping spider pounces on you!
* * * LOW HITPOINT WARNING * * *
You are caught in a web!
The jumping spider bites you but does no damage.
The demonic crawler hits you!
* * * LOW HITPOINT WARNING * * *
The demonic crawler hits you but does no damage. x2
The jumping spider pounces on you! Zin protects you from harm!
You are even more entangled.
The jumping spider barely misses you. The demonic crawler hits you!
You die...

#### #..##.#
#..##.# ..##.#
#..#.# #..#.#
#.)#^#
#^^..†#ss.##
......#.@..#####
#.....###y.....##
#....# ##......#
#.... #.....##
.#.## ##.....#
#......## ##
#.....†.##.#
##.....##..#
###.....#<.# ##


You could see a demonic crawler (berserk), a moth of wrath and a jumping spider
(berserk).

Vanquished Creatures
  Saint Roka (Orc:2)
  Rupert (D:14)
  Gastronok (D:12)
  Azrael (D:12)
  An ettin (D:15)
  Josephine (Orc:2)
  5 hydras
  8 vault guards
  A boulder beetle (D:14)
  Erica (Lair:2)
  5 centaur warriors
  An ogre mage (D:14)
  A catoblepas (D:13)
  A merfolk avatar (Lair:5)
  11 two-headed ogres
  15 death yaks
  Urug (Orc:2)
  3 tengu warriors
  Sonja (Orc:2)
  3 orc high priests (Orc:2)
  A sea snake (Lair:5)
  Lodul (D:13)
  A deep troll (D:14)
  A necromancer (D:15)
  7 orc knights
  3 deep elf pyromancers
  13 ugly things
  5 wolf spiders
  2 oklob plants
  3 orc sorcerers (Orc:2)
  A moth of wrath (Spider:1)
  6 cyclopes
  Maurice (Orc:1)
  5 manticores
  4 black mambas
  A black mamba (shapeshifter) (D:14)
  3 kobold blastminers (Orc:2)
  18 elephants
  A torpor snail (Spider:1)
  7 cane toads
  2 gargoyles
  4 komodo dragons
  2 efreet (D:14)
  5 kobold demonologists
  2 rime drakes
  2 freezing wraiths
  2 polar bears
  A wind drake (Lair:5)
  3 trolls
  A tarantella (Spider:1)
  A raiju (shapeshifter) (D:13)
  3 hornets
  20 blink frogs
  2 snapping turtles
  17 slime creatures
  3 shadows
  A spriggan (shapeshifter) (D:14)
  A culicivora (Spider:1)
  2 jumping spiders
  A centaur simulacrum (D:15)
  A water elemental (Lair:3)
  7 wraiths
  9 wyverns
  2 vampires
  2 fire elementals
  3 wargs (Orc:1)
  36 yaks
  8 basilisks
  2 hogs (Lair:3)
  19 vampire mosquitoes
  3 steam dragons
  2 redbacks (Lair:2)
  An acid dragon (D:13)
  5 hell hounds
  8 water moccasins
  34 orc warriors
  2 ice beasts
  2 sky beasts (D:6)
  2 black bears
  22 wolves
  A boggart (D:14)
  9 ogres
  13 centaurs
  A phantom (D:7)
  10 kobold brigands
  Blork the orc (D:6)
  7 bullfrogs
  A gnoll sergeant (D:10)
  6 scorpions
  11 wights
  An electric eel (Lair:3)
  5 howler monkeys
  17 orc priests
  3 bombardier beetles
  2 hounds
  2 gnoll boudas (D:7)
  3 jellies
  3 iguanas
  21 orc wizards
  2 hell rats (Lair:1)
  Robin (D:3)
  15 gnolls
  11 adders
  13 river rats
  A shadow imp (D:5)
  3 white imps
  A ribbon worm (D:3)
  3 dart slugs
  64 orcs
  12 ball pythons
  8 bats
  7 endoplasms
  4 giant cockroaches (D:4)
  10 goblins
  7 hobgoblins
  5 jackals
  61 kobolds
  3 quokkas
  2 frilled lizards
  21 rats
763 creatures vanquished.

Vanquished Creatures (collateral kills)
  A hydra (D:15)
1 creature vanquished.

Vanquished Creatures (others)
  Kirke (Lair:3)
  A slime creature (D:12)
  2 humans (Lair:3)
  An orc wizard (D:11)
  An orc (Orc:2)
  2 kobolds (D:10)
8 creatures vanquished.

Grand Total: 772 creatures vanquished

Notes
Turn   | Place    | Note
-------+----------+-------------------------------------------
     0 | D:1      | juan097 the Armataur Fighter began the quest for the Orb.
     0 | D:1      | Reached XP level 1. HP: 18/18 MP: 1/1
    99 | D:1      | Reached skill level 1 in Stealth
    99 | D:1      | Reached XP level 2. HP: 25/25 MP: 2/2
   267 | D:1      | Reached XP level 3. HP: 23/30 MP: 3/3
   790 | D:2      | Found Ehiw's Armour Shop.
   837 | D:2      | Reached XP level 4. HP: 33/37 MP: 4/4
   856 | D:2      | Found Icvoif's Distillery.
   905 | D:2      | Bought a potion of curing for 36 gold pieces
   905 | D:2      | Bought a potion of degeneration for 12 gold pieces
   923 | D:2      | Found Boywna's Magic Scroll Emporium.
  1216 | D:2      | Found a faded altar of an unknown god.
  1219 | D:2      | Prayed at the altar of an unknown god.
  1219 | D:2      | Became a worshipper of Zin the Law-Giver
  1219 | D:2      | Reached * piety under Zin
  1250 | D:2      | Found Baeloyf's Assorted Antiques.
  1255 | D:2      | Bought a blue potion for 21 gold pieces
  1255 | D:2      | Bought a scroll labelled BAJEDWEFIE for 24 gold pieces
  1699 | D:3      | Reached XP level 5. HP: 42/42 MP: 5/5
  1714 | D:3      | Reached ** piety under Zin
  1816 | D:3      | Noticed an ice beast
  2127 | D:4      | Found a staircase to the Ecumenical Temple.
  2172 | D:4      | Noticed a black bear
  2177 | D:4      | Killed a black bear
  2178 | D:4      | Reached skill level 5 in Shields
  2178 | D:4      | Reached XP level 6. HP: 43/50 MP: 6/6
  2204 | D:4      | Found a glowing drain.
  2237 | Sewer    | Entered a sewer
  2383 | Sewer    | Reached skill level 1 in Invocations
  2607 | Sewer    | Reached skill level 5 in Maces & Flails
  2607 | Sewer    | Gained mutation: You regenerate magic and health when
                  | rolling toward enemies. (Rampage Regen) [Armataur growth]
  2607 | Sewer    | Reached XP level 7. HP: 56/56 MP: 8/8
  3867 | D:2      | Bought a scroll labelled NEUVAU VELI for 24 gold pieces
  3867 | D:2      | Bought 2 scrolls labelled BAJEDWEFIE for 48 gold pieces
  3867 | D:2      | Bought a scroll labelled NEUVAU VELI for 24 gold pieces
  4157 | D:3      | Noticed Robin
  4174 | D:3      | Killed Robin
  4345 | Temple   | Entered the Ecumenical Temple
  4378 | D:5      | Entered Level 5 of the Dungeon
  4545 | D:5      | Reached XP level 8. HP: 39/62 MP: 9/11
  4764 | D:5      | Noticed a hornet
  4775 | D:5      | HP: 2/62 [hornet (13)]
  4776 | D:5      | Killed a hornet
  5031 | D:5      | Found a shadowy altar of Dithmenos.
  5039 | D:5      | Found a white marble altar of Elyvilon.
  5044 | D:5      | Found a hide-covered altar of Uskayaw.
  5799 | D:6      | Reached *** piety under Zin
  5844 | D:6      | Found a hazy altar of Hepliaklqana.
  5879 | D:6      | Reached skill level 4 in Armour
  5879 | D:6      | Reached skill level 1 in Dodging
  5976 | D:6      | Noticed Blork the orc
  6024 | D:6      | Killed Blork the orc
  6095 | D:6      | Reached XP level 9. HP: 49/71 MP: 12/12
  6165 | D:6      | Reached skill level 5 in Armour
  6612 | D:2      | Bought a scroll of identify for 22 gold pieces
  6612 | D:2      | Bought a scroll of teleportation for 33 gold pieces
  7027 | D:7      | Reached skill level 5 in Fighting
  7238 | D:7      | Reached skill level 1 in Evocations
  7259 | D:7      | Reached skill level 1 in Throwing
  8690 | D:8      | Reached skill level 5 in Invocations
  8691 | D:8      | Found an opulent altar of Gozag.
  8748 | D:8      | Noticed a deep elf pyromancer
  8756 | D:8      | Killed a deep elf pyromancer
  8969 | D:8      | Reached XP level 10. HP: 75/83 MP: 14/14
  9023 | D:8      | Reached **** piety under Zin
  9338 | D:9      | Noticed a manticore
  9395 | D:9      | Noticed a two-headed ogre
  9401 | D:9      | Killed a two-headed ogre
  9466 | D:9      | Identified the scarf of Makhleb {shadows, rF+}
  9547 | D:9      | Found a flagged portal.
  9656 | Bailey   | Entered a bailey
  9865 | Bailey   | Reached skill level 6 in Armour
 10320 | Bailey   | Found a roughly hewn altar of Beogh.
 10320 | Bailey   | Noticed an orc knight
 10320 | Bailey   | Noticed an orc knight
 10342 | Bailey   | Killed an orc knight
 10352 | Bailey   | Killed an orc knight
 10676 | D:9      | Killed a manticore
 10677 | D:9      | Reached XP level 11. HP: 53/92 MP: 16/16
 11159 | D:10     | Entered Level 10 of the Dungeon
 11159 | D:10     | Found a staircase to the Orcish Mines.
 11369 | D:10     | Noticed a soul eater
 11386 | D:9      | Reached skill level 7 in Armour
 11595 | D:10     | Found a staircase to the Lair.
 11862 | D:10     | Noticed a two-headed ogre
 11883 | D:10     | Killed a two-headed ogre
 11884 | D:10     | Reached skill level 5 in Stealth
 12274 | D:10     | Noticed a two-headed ogre
 12279 | D:10     | Killed a two-headed ogre
 12294 | D:10     | Gained mutation: You are weak. (Str -2) [a neqoxec]
 12296 | D:10     | Reached skill level 5 in Throwing
 12614 | Lair:1   | Entered Level 1 of the Lair of Beasts
 12628 | Lair:1   | Reached ***** piety under Zin
 13931 | Lair:1   | You fall into a shaft and drop 1 floor!
 14446 | D:2      | Bought an ancient chain mail for 228 gold pieces
 14446 | D:2      | Identified the +2 chain mail of Somewhere Else {rN++} (You
                  | bought it in a shop on level 2 of the Dungeon)
 14521 | D:2      | Bought a potion of haste for 120 gold pieces
 14694 | Orc:1    | Entered Level 1 of the Orcish Mines
 14703 | Orc:1    | Reached skill level 10 in Maces & Flails
 14708 | Orc:1    | Noticed a two-headed ogre
 15055 | Orc:1    | Found a roughly hewn altar of Beogh.
 15485 | Orc:1    | Found Liesad's Weapon Emporium.
 15758 | Orc:2    | Entered Level 2 of the Orcish Mines
 15762 | Orc:2    | Noticed Maurice
 15764 | Orc:2    | Noticed an orc knight
 15765 | Orc:2    | Noticed Josephine
 15799 | Orc:2    | Found a staircase to the Elven Halls.
 15800 | Orc:2    | Noticed Saint Roka
 16549 | Orc:1    | Killed an orc knight
 16757 | Orc:1    | Killed Maurice
 16758 | Orc:1    | Reached skill level 8 in Armour
 16758 | Orc:1    | Reached XP level 12. HP: 87/100 MP: 17/17
 16993 | Orc:2    | Killed Josephine
 17095 | Orc:2    | Noticed Sonja
 17101 | Orc:2    | Killed Saint Roka
 17101 | Orc:2    | Killed Sonja
 17102 | Orc:2    | Reached skill level 9 in Armour
 17284 | Orc:2    | Reached ****** piety under Zin
 17388 | Orc:2    | Noticed a two-headed ogre
 17417 | Orc:2    | Killed a two-headed ogre
 17593 | Orc:2    | Noticed Urug
 17603 | Orc:2    | Killed Urug
 17778 | Orc:2    | Reached skill level 10 in Armour
 17981 | Orc:2    | Noticed an orc high priest
 18415 | Orc:2    | Killed an orc high priest
 18436 | Orc:2    | Noticed an orc high priest
 18457 | Orc:2    | Killed an orc high priest
 18865 | Orc:2    | Noticed an orc high priest
 19072 | Orc:2    | Killed an orc high priest
 19073 | Orc:2    | Reached XP level 13. HP: 74/107 MP: 19/19
 19157 | Orc:2    | Found Laudoghe's Jewellery Boutique.
 19157 | Orc:2    | Found Qodutun's Assorted Antiques.
 19159 | Orc:2    | Found Zunlim's Magic Scroll Boutique.
 19159 | Orc:2    | Found Plog's Book Emporium.
 19214 | Orc:2    | Bought a scroll of butterflies for 48 gold pieces
 19214 | Orc:2    | Bought a scroll of poison for 48 gold pieces
 19214 | Orc:2    | Bought a scroll of vulnerability for 48 gold pieces
 19229 | Orc:2    | Bought the ring of Qaxtiof {^Drain rPois rN+ rCorr} for 405
                  | gold pieces
 20171 | Lair:2   | Found a hole to the Spider Nest.
 20735 | Lair:2   | Noticed Erica
 20746 | Lair:2   | Killed Erica
 20760 | Lair:2   | Identified the +3 leather armour of Dice, Bag, and Bottle
                  | {rF+}
 21720 | Lair:3   | Noticed Kirke
 21747 | Lair:3   | Killed Kirke
 21987 | Lair:2   | Reached skill level 11 in Armour
 22421 | Lair:3   | Found a staircase to the Shoals.
 23848 | Lair:4   | Reached XP level 14. HP: 96/118 MP: 18/20
 24901 | Lair:5   | Entered Level 5 of the Lair of Beasts
 25361 | D:2      | Bought a scroll of revelation for 82 gold pieces
 25361 | D:2      | Bought a scroll of teleportation for 33 gold pieces
 25361 | D:2      | Bought a scroll of teleportation for 33 gold pieces
 25753 | Lair:5   | Found a large runed translucent door.
 25754 | Lair:5   | Found a large runed translucent door.
 25760 | Lair:5   | Noticed holysushi's ghost (journeyman DsMo)
 26428 | Lair:5   | Reached skill level 12 in Armour
 26582 | Lair:4   | Reached skill level 10 in Invocations
 27137 | Lair:5   | Reached skill level 10 in Fighting
 27592 | Lair:5   | Found the +8 mithril axe "Arga" {speed, Will+}
 27778 | Lair:5   | Found a viscous altar of Jiyva.
 27778 | Lair:5   | Found a staircase to the Slime Pits.
 28466 | D:2      | Bought a scroll of silence for 104 gold pieces
 28648 | D:10     | Reached skill level 13 in Armour
 28648 | D:10     | Reached XP level 15. HP: 126/126 MP: 22/22
 29738 | D:12     | Noticed Azrael
 29888 | D:12     | You fall into a shaft and drop 1 floor!
 30182 | D:12     | Reached skill level 14 in Armour
 30591 | D:12     | Killed Azrael
 30879 | D:12     | Noticed Gastronok
 31055 | D:12     | Killed Gastronok
 31056 | D:12     | Reached XP level 16. HP: 93/134 MP: 20/24
 32120 | D:13     | Noticed Lodul
 32137 | D:13     | Killed Lodul
 32964 | D:13     | Found a gate to the Vaults.
 33301 | D:13     | Identified the +7 morningstar "Meucion" {flame, rF+ rC-
                  | Dex+2}
 33916 | D:14     | Noticed Rupert
 34465 | D:12     | Reached skill level 5 in Evocations
 34684 | D:2      | Bought a potion of mutation for 96 gold pieces
 34684 | D:2      | Lost mutation: You are weak. (Str -2) [potion of mutation]
 34685 | D:2      | Bought a potion of attraction for 36 gold pieces
 34685 | D:2      | Bought a potion of curing for 36 gold pieces
 34685 | D:2      | Bought a potion of might for 48 gold pieces
 34904 | Orc:2    | Bought 3 scrolls of identify for 72 gold pieces
 35166 | D:14     | Identified the +0 robe of Inevitability {Str+5}
 35381 | D:14     | Killed Rupert
 35770 | D:15     | Entered Level 15 of the Dungeon
 37792 | D:15     | Found a staircase to the Depths.
 38256 | Spider:1 | Entered Level 1 of the Spider Nest
 38277 | Spider:1 | Reached skill level 15 in Armour
 38382 | Spider:1 | Zin protects you from harm!
 38382 | Spider:1 | Slain by a demonic crawler

Illustrated notes

Levels and vault maps discovered:
D:1:      spicycebolla_green_bress_n_ham, layout_loops_ring, minmay_octomino_c4
D:2:      layout_loops_ring, chequers_ecumenical_altar_simple, serial_shops,
          nicolae_shop_industrial_runoff, shop, shop, nicolae_shop_hallway_plus,
          roderic_lattice_a
D:3:      layout_basic, uniq_robin
D:4:      minmay_chambers_of_fours, layout_basic, minmay_temple_entry_fiery,
          gup_sewer_entry_glass
D:5:      layout_loops_ring, minmay_overflow_temple_star_quad, dk_vineyard_2
D:6:      layout_rooms, overflow_temple_1_default, uniq_blork_the_orc
D:7:      layout_layer_cave
D:8:      layout_cave_pods, mainiacjoe_overflow_catwalk,
          guppyfry_early_elven_hall
D:9:      layout_roguey, enter_bailey_2, st_stairs_2, kennysheep_generic_room_13
D:10:     layout_loops_corners, david_lair_generic, orc_0_dummy
D:11:     layout_long_grid, amcnicky_mini_pool_small
D:12:     layout_cave_pods, uniq_azrael, uniq_gastronok
D:13:     layout_basic, erik_vaults_2, uniq_lodul
D:14:     layout_rooms, hangedman_corner_corridor, uniq_rupert
D:15:     hangedman_depths_entry_civil_slaughter, layout_cave_pools,
          minmay_large_rounded_square
Temple:   minmay_temple_bridge_d
Lair:1:   wad_woods_04, layout_regular_city, kennysheep_rathole,
          grunt_megastairs_3
Lair:2:   layout_big_grid, spider_nest_entry_a, lemuel_fruit_fields, uniq_erica
Lair:3:   layout_layer_cave, minmay_shoals_entry_hut, uniq_kirke
Lair:4:   layout_long_grid, st_stairs_6, nicolae_lair_run_with_the_wolves
Lair:5:   gammafunk_lair_ancient_temple, layout_regular_city,
          dpeg_slime_entry_enclosed, ebering_ghost_disaster_area
Spider:1: layout_spider_delve, nicolae_spider_webs_and_nodes
Orc:1:    layout_caves, serial_shops, nicolae_shop_bloodbath_and_beyond,
          basic_altar
Orc:2:    grunt_orc_tribal_feast, layout_caves, lightli_orcish_oven, uniq_urug,
          uniq_sonja, uniq_maurice, uniq_josephine, uniq_saint_roka

Skill      XL: |  1  2  3  4  5  6  7  8  9 10 11 12 13 14 15 16 |
---------------+-------------------------------------------------+-----
Maces & Flails | 2 3 4 5 6 8 10 12 13 14 | 14.6
Stealth        | 1 2 3 4 6 8 |  8.0
Shields        | 4 5 6 |  6.0
Invocations    | 2 4 6 7 8 9 10 11 12 | 12.8
Fighting       | 3 6 7 8 9 10 | 10.9
Armour         | 4 5 6 8 10 11 13 14 15 | 15.0
Dodging        | 1 2 4 |  4.0
Evocations     | 4 6 |  6.2
Throwing       | 2 3 6 7 8 9 |  9.1

Action                     |  1- 3 |  4- 6 |  7- 9 | 10-12 | 13-15 | 16-18 || total
---------------------------+-------+-------+-------+-------+-------+-------++-------
  Melee: Flail             |    66 |   188 |   513 |   604 |  1805 |   328 ||  3504
         Tailslap          |     7 |    16 |    63 |    89 |   358 |   149 ||   682
         Unarmed           |       |       |     6 |       |       |       ||     6
         Dagger            |       |       |     5 |       |       |       ||     5
         Mace              |       |       |       |    44 |       |       ||    44
         Morningstar       |       |       |       |       |       |   307 ||   307
   Fire: Sling             |     3 |    35 |    13 |     1 |       |       ||    52
  Throw: Dart              |       |     4 |    25 |   107 |    50 |    30 ||   216
         Boomerang         |       |       |     3 |     7 |     7 |    20 ||    37
         Javelin           |       |       |       |    14 |    22 |       ||    36
         Throwing net      |       |       |       |     1 |     2 |     1 ||     4
 Invoke: Recite            |       |       |     8 |    41 |     3 |    11 ||    63
         Vitalisation      |       |       |     2 |     2 |     2 |     1 ||     7
         Sanctuary         |       |       |       |     1 |       |       ||     1
  Evoke: Wand              |       |       |     1 |    23 |     7 |     1 ||    32
         Phial of floods   |       |       |       |       |       |     1 ||     1
         Phantom mirror    |       |       |       |       |       |     1 ||     1
    Use: Potion            |       |     2 |     1 |     3 |     3 |     3 ||    12
         Scroll            |       |       |     5 |    15 |     7 |    13 ||    40
   Stab: Paralysed         |       |       |       |     2 |       |     2 ||     4
         Confused          |       |       |       |     6 |     1 |     2 ||     9
         Invisible         |       |       |       |     3 |       |       ||     3
         Held in net/web   |       |       |       |     1 |     1 |     1 ||     3
         Distracted        |       |       |       |       |     1 |       ||     1
 Armour: Scale mail        |    45 |    98 |   271 |   280 |       |       ||   694
         Skin              |       |       |     3 |       |       |       ||     3
         Chain mail        |       |       |       |   295 |  1417 |   616 ||  2328
  Dodge: Dodged            |    40 |   102 |   241 |   464 |   887 |   264 ||  1998
  Block: Buckler           |    16 |    40 |   103 |   197 |   381 |   122 ||   859
         Kite shield       |       |       |       |       |       |    44 ||    44

Table legend: (Time is in decaauts)
 A = Elapsed time spent in this place.
 B = Non-inter-level travel time spent in this place.
 C = Inter-level travel time spent in this place.
 D = Time resting spent in this place.
 E = Time spent auto-exploring this place.
 F = Levels seen in this place.
 G = Mean time per level.
                   A        B        C        D        E       F      G
               +--------+--------+--------+--------+--------+-----+--------+
         Total |  38251 |  34267 |   3984 |   2723 |  22612 |  26 | 1471.2 |
       Dungeon |  22174 |  19223 |   2951 |   1794 |  12921 |  15 | 1478.3 |
        Temple |      1 |      1 |      0 |      0 |      0 |   1 |    1.0 |
          Lair |   9933 |   9234 |    699 |    291 |   6344 |   5 | 1986.6 |
   Spider Nest |    115 |    115 |      0 |      0 |     56 |   1 |  115.0 |
  Orcish Mines |   4253 |   3921 |    332 |    634 |   2172 |   2 | 2126.5 |
         Sewer |    827 |    827 |      0 |      0 |    465 |   1 |  827.0 |
        Bailey |    944 |    944 |      0 |      4 |    654 |   1 |  944.0 |
               +--------+--------+--------+--------+--------+-----+--------+

Top non-repeatable levels by time:
  Lair:4: 2284 daAuts
   Orc:1: 2237 daAuts
    D:13: 2221 daAuts
  Lair:3: 2188 daAuts
    D:10: 2064 daAuts
   Orc:2: 2016 daAuts
  Lair:2: 1915 daAuts
    D:12: 1863 daAuts
  Lair:5: 1839 daAuts
    D:14: 1721 daAuts
  Lair:1: 1705 daAuts
    D:11: 1634 daAuts
     D:4: 1542 daAuts
     D:9: 1516 daAuts
     D:5: 1507 daAuts
